 Dungeon Crawl Stone Soup version 0.24.0-37-gcf1ca852f1 (webtiles) character file.

Game seed: 7555845363855963024, levelgen mode: deterministic

103 Froggeryz the Chiller (level 4, -1/36 HPs)
             Began as a Naga Ice Elementalist on Nov 26, 2019.
             Slain by an orc
             ... wielding a +0 flail
              (5 damage)
             ... on level 3 of the Dungeon.
             The game lasted 00:02:55 (2271 turns).

Froggeryz the Chiller (Naga Ice Elementalist)       Turns: 2271, Time: 00:02:56

Health: -1/36      AC:  5    Str: 15    XL:     4   Next: 79%
Magic:  7/7        EV: 10    Int: 17    God:
Gold:   141        SH:  0    Dex: 11    Spells: 6/7 levels left

rFire    . . .     SeeInvis +   h - +0 spear
rCold    + . .     Gourm    .   (no shield)
rNeg     . . .     Faith    .   a - +0 robe
rPois    +         Spirit   .   m - +2 hat
rElec    .         Reflect  .   (no cloak)
rCorr    .         Harm     .   d - +0 pair of gloves
MR       .....                  (no barding)
Stlth    ++........             (no amulet)
HPRegen  0.12/turn              (no ring)
MPRegen  0.10/turn              l - ring of protection from cold

@: mighty, short of breath, very slow
A: large, see invisible, deformed body, poison resistance, slowness 2, slow
metabolism 1, spit poison 1, AC +1
a: Spit Poison


You were on level 3 of the Dungeon.
You were hungry.

You visited 1 branch of the dungeon, and saw 3 of its levels.

You collected 141 gold pieces.

Inventory:

Hand Weapons
 h - a +0 spear (weapon)
Armour
 a - a +0 robe (worn)
 d - a +0 pair of gloves (worn)
 m - a +2 hat (worn)
Jewellery
 l - a ring of protection from cold (right hand)
Scrolls
 b - a scroll of teleportation {unknown}
 e - a scroll of amnesia {unknown}
 f - a scroll of identify {unknown}
 i - a scroll of immolation {unknown}
Potions
 j - a potion of heal wounds {unknown}
 k - a potion of mutation {unknown}
 n - a potion of curing {unknown}
Comestibles
 c - 7 rations


   Skills:
 + Level 0.7 Polearms
 - Level 1.5 Dodging
 - Level 3.0 Stealth
 - Level 2.0 Spellcasting
   Level 1.0 Conjurations
 + Level 5.2 Ice Magic


You had 6 spell levels left.
You knew the following spells:

 Your Spells              Type           Power        Failure   Level  Hunger
a - Freeze                Ice            ###.         2%          1    #......

Your spell library contained the following spells:

 Spells                   Type           Power        Failure   Level  Hunger
 Throw Frost              Conj/Ice       ##....       9%          2    ###....
 Ozocubu's Armour         Chrm/Ice       ##......     21%         3    ###....
 Throw Icicle             Conj/Ice       ##......     47%         4    #####..
 Summon Ice Beast         Ice/Summ       ##......     54%         4    #####..


Dungeon Overview and Level Annotations

Branches:
Dungeon (3/15)

Altars:
Okawaru


Innate Abilities, Weirdness & Mutations

You cannot wear boots.
Your serpentine skin is tough. (AC +1)
You have supernaturally acute eyesight. (SInv)
Armour fits poorly on your strangely shaped body.
Your system is resistant to poisons. (rPois)
You cover ground very slowly.
You have a slow metabolism.
You can spit poison.


Message History

The orc hits you with a +0 flail!
* * * LOW HITPOINT WARNING * * *
Unknown command.
Press: ? - help, Shift-Dir - straight line, f/p - orc
Aim: an orc, wielding a +0 flail and wearing a +0 ring mail (severely wounded)
The splash of poison misses the orc.
The splash of poison hits the orc wizard!
The orc wizard is poisoned.
The orc wizard is heavily wounded.
You are feeling hungry.
The orc wizard shouts!
The orc hits you with a +0 flail.
* * * LOW HITPOINT WARNING * * *
You hear a shout!
Unknown command.
It was a potion of might.
You feel very mighty all of a sudden.
The orc wizard gestures wildly while chanting.
The orc wizard seems to speed up.
The orc hits you with a +0 flail.
You die...

#. #.# ##.# #.# o.>##
#.# ...# #.# .g# #.#
#o# #.# ##### #.#
#.########...#
##.######.....)....#.#
#.ooo@.)...#######...#
#..#######.# ##...
.....# #.###########
#####.# #............
#.# ############# #.#
#.# ..


You could see 2 orc wizards and an orc.

Vanquished Creatures
  A worker ant (D:2)
  2 gnolls (D:3)
  A worm (D:2)
  4 dart slugs
  An orc (D:3)
  4 giant cockroaches
  3 goblins
  8 hobgoblins
  3 jackals (D:3)
  3 kobolds
  A ball python (D:3)
  8 bats
  3 frilled lizards
  7 rats
49 creatures vanquished.

Notes
Turn   | Place    | Note
-------+----------+-------------------------------------------
     0 | D:1      | Froggeryz the Naga Ice Elementalist began the quest for the
                  | Orb.
     0 | D:1      | Reached XP level 1. HP: 15/15 MP: 3/3
   153 | D:1      | Reached XP level 2. HP: 20/22 MP: 0/5
   737 | D:2      | Reached skill level 4 in Ice Magic
   864 | D:2      | Reached XP level 3. HP: 26/28 MP: 6/6
  1149 | D:2      | Reached XP level 4. HP: 29/36 MP: 7/7
  1278 | D:2      | Found an iron altar of Okawaru.
  2025 | D:3      | Reached skill level 5 in Ice Magic
  2271 | D:3      | Slain by an orc

Levels and vault maps discovered:
D:1:      lemuel_arrival_tunnels, layout_basic
D:2:      layout_basic, overflow_temple_1_default, first_ration
D:3:      layout_loops_ring

Skill      XL: |  1  2  3  4 |
---------------+-------------+-----
Ice Magic      | 4 5 |  5.2
Polearms       | |  0.7
Dodging        | |  1.5
Stealth        | |  3.0
Spellcasting   | |  2.0
Conjurations   | |  1.0

Action                   |  1- 3 |  4- 6 || total
-------------------------+-------+-------++-------
Melee: Unarmed           |    19 |       ||    19
       Spear             |    41 |    77 ||   118
 Cast: Freeze            |    20 |     3 ||    23
 Abil: Spit Poison       |     7 |     4 ||    11
  Use: Scroll            |       |     1 ||     1
       Potion            |       |     1 ||     1
 Stab: Sleeping          |     7 |     5 ||    12
  Eat: Chunk             |     1 |     3 ||     4
Armor: Robe              |    21 |    21 ||    42
Dodge: Dodged            |    36 |    36 ||    72
